[Event "Titled Tuesday Blitz December 20 Late 2022"]
[White "Matinian, Nikita"]
[Black "Eljanov, Pavel"]
[WhiteFideId "24129100"]
[BlackFideId "14102951"]
[WhiteElo "2422"]
[BlackElo "2598"]
[Result "1/2-1/2"]
[Round "11"]
[TimeControl "180+1"]
[Date "2022.12.20"]
[WhiteClock "0:00:11"]
[BlackClock "0:00:12"]

1. e4 c6 2. d4 d5 3. e5 Bf5 4. Nf3 e6 5. Be2 Nd7 6. O-O a5 7. Nbd2 a4 8. Re1 h6 9. Nf1 Ne7 10. Ng3 Bg6 11. c3 Nc8 12. Bd3 Bxd3 13. Qxd3 c5 14. dxc5 Bxc5 15. Nh5 g6 16. Nf6+ Nxf6 17. exf6 Nb6 18. Ne5 Bd6 19. Qb5+ Nd7 20. Nxg6 Rg8 21. Qxd5 Bxh2+ 22. Kxh2 Rxg6 23. Qxb7 Rb8 24. Qf3 Qxf6 25. Qxf6 Nxf6 26. Re2 h5 27. Bf4 Rb5 28. c4 Rf5 29. Bb8 h4 30. Rf1 Rfg5 31. f3 Rh5 32. b4 h3 33. g4 Rh8 34. b5 Ke7 35. Be5 Rc8 36. Bxf6+ Rxf6 37. Rc2 Rf4 38. c5 Rb4 39. b6 Rxb6 40. cxb6 Rxc2+ 41. Kxh3 Rb2 42. Rc1 Rxb6 43. Rc4 Ra6 44. Rb4 Kd6 45. a3 f5 46. g5 Ke5 47. f4+ Kd5 48. Kh4 e5 49. fxe5 Kxe5 50. Kh5 f4 51. g6 f3 52. g7 Ra8 53. Kg6 f2 54. Rb1 Ke4 55. Kf7 Ke3 56. g8=Q Rxg8 57. Kxg8 Ke2 58. Kf7 f1=Q+ 59. Rxf1 Kxf1 60. Ke6 Ke2 61. Kd5 Kd3 62. Ke5 Kc3 63. Ke4 Kb3 64. Kd3 Kxa3 65. Kc2 Ka2 66. Kc1 a3 67. Kc2 Ka1 68. Kc1 a2 69. Kc2 1/2-1/2


[Site "https://www.chess.com"]

[Event "Titled Tuesday Blitz December 20 Late 2022"]
[White "Mekhitarian, Krikor Sevag"]
[Black "Shuvalova, Polina"]
[WhiteFideId "2107660"]
[BlackFideId "24171760"]
[WhiteElo "2604"]
[BlackElo "2361"]
[Result "1-0"]
[Round "11"]
[TimeControl "180+1"]
[Date "2022.12.20"]
[WhiteClock "0:00:23"]
[BlackClock "0:00:01"]

1. Nf3 Nf6 2. c4 e6 3. Nc3 d5 4. e3 c5 5. cxd5 exd5 6. d4 Nc6 7. Bb5 cxd4 8. Nxd4 Bd7 9. Nf3 Bg4 10. h3 Bh5 11. Qa4 Rc8 12. Qxa7 Qd7 13. Qb6 Bxf3 14. gxf3 Be7 15. Kf1 O-O 16. Kg2 Bd8 17. Qc5 Be7 18. Qb6 Bd8 19. Bxc6 Rxc6 20. Qb3 Bc7 21. Ne2 Nh5 22. Bd2 Rg6+ 23. Kf1 h6 24. Rc1 Be5 25. f4 Bf6 26. Bc3 Bh4 27. Rd1 Nf6 28. Bxf6 Rxf6 29. Qxd5 Qa4 30. Nc3 Qa6+ 31. Qd3 Qe6 32. Nd5 Rf5 33. e4 Rh5 34. Qf3 g6 35. f5 Qe5 36. Rg1 Qxb2 37. fxg6 fxg6 38. Rxg6+ Kh7 39. Qxf8 Kxg6 40. Qg8+ Qg7 41. Nf4+ 1-0


[Site "https://www.chess.com"]

[Event "Titled Tuesday Blitz December 20 Late 2022"]
[White "Mikhailov, Viacheslav"]
[Black "Bryakin, Mikhail"]
[WhiteFideId "4187369"]
[BlackFideId "4165314"]
[WhiteElo "2381"]
[BlackElo "2391"]
[Result "0-1"]
[Round "11"]
[TimeControl "180+1"]
[Date "2022.12.20"]
[WhiteClock "0:00:07"]
[BlackClock "0:00:31"]

1. Nf3 Nf6 2. g3 b5 3. Bg2 Bb7 4. O-O c5 5. d3 d5 6. c4 bxc4 7. dxc4 d4 8. b4 cxb4 9. Qxd4 Qxd4 10. Nxd4 Bxg2 11. Kxg2 e6 12. a3 a5 13. Nb5 Na6 14. axb4 Bxb4 15. Ba3 Ke7 16. Nd2 Rhc8 17. Rfb1 Nd7 18. Nb3 Bxa3 19. Rxa3 Rxc4 20. Rxa5 Rb8 21. Na3 Rcb4 22. Rxa6 Rxb3 23. Rxb3 Rxb3 24. Ra7 f6 25. Nc4 Rb4 26. Na5 Rb6 27. h4 h5 28. f3 g5 29. Ra8 Nf8 30. Ra7+ Nd7 31. Ra8 Kf7 32. Ra7 Ke8 33. Rc7 Rd6 34. Nc6 Rd1 35. Kf2 gxh4 36. gxh4 Rd5 37. e4 Rd2+ 38. Ke3 Rd1 39. Ke2 Rd6 40. Ke3 Kf8 41. Nd4 Ne5 42. Rh7 Nf7 43. Rxh5 Kg7 44. Ra5 Rb6 45. Rc5 Ne5 46. Rc3 Ng6 47. h5 Ne5 48. f4 Nf7 49. f5 e5 50. Ne6+ Kh6 51. Rc7 Ng5 52. Nxg5 Kxg5 53. Rg7+ Kxh5 54. Rg6 Rd6 55. Ke2 Ra6 56. Ke3 Ra3+ 57. Ke2 Ra6 58. Ke3 Rb6 59. Kf2 Rb4 60. Kf3 Rb3+ 61. Kf2 Kh4 0-1


[Site "https://www.chess.com"]

[Event "Titled Tuesday Blitz December 20 Late 2022"]
[White "Mikhalsky, Vladimir"]
[Black "Mendez Fortes, Eduardo Jesus"]
[WhiteFideId "14144352"]
[BlackFideId "3502376"]
[WhiteElo "2272"]
[BlackElo "2307"]
[Result "0-1"]
[Round "11"]
[TimeControl "180+1"]
[Date "2022.12.21"]
[WhiteClock "0:00:01"]
[BlackClock "0:00:16"]

1. d4 Nf6 2. c4 e6 3. g3 d5 4. Bg2 dxc4 5. Nf3 a6 6. O-O Nc6 7. a4 Rb8 8. e3 Na5 9. Nbd2 c6 10. Qc2 b5 11. Ne5 Nd5 12. b3 cxb3 13. Nxb3 Nxb3 14. Qxb3 Bd7 15. Bd2 Bd6 16. Rfc1 Bxe5 17. dxe5 O-O 18. e4 Nb6 19. axb5 axb5 20. Bb4 Re8 21. Bd6 Rb7 22. Bf1 Qc8 23. h4 Na4 24. Qe3 c5 25. Bxc5 Nxc5 26. Rxc5 Qb8 27. h5 h6 28. g4 Rc8 29. Rxc8+ Bxc8 30. Rc1 Bd7 31. Qg3 Qd8 32. Rd1 Qe7 33. f4 Bc6 34. g5 hxg5 35. fxg5 Bxe4 36. h6 Bd5 37. Kh2 Ra7 38. hxg7 Ra2+ 39. Kh3 Kxg7 40. Qh4 Ra3+ 41. Bd3 Qc5 42. Qh6+ Kg8 43. Qh7+ Kf8 44. Qh8+ Ke7 45. Qf6+ Ke8 46. g6 Qe3+ 47. Kh4 Ra4+ 0-1


[Site "https://www.chess.com"]

[Event "Titled Tuesday Blitz December 20 Late 2022"]
[White "Moreno Perez, Tobias Sebastian"]
[Black "Han, Yichen"]
[WhiteFideId "186716"]
[BlackFideId "1054430"]
[WhiteElo "2259"]
[BlackElo "2323"]
[Result "1-0"]
[Round "11"]
[TimeControl "180+1"]
[Date "2022.12.21"]
[WhiteClock "0:00:11"]
[BlackClock "0:00:12"]

1. Nf3 d5 2. b3 Bg4 3. Bb2 c5 4. g3 Nc6 5. Bg2 Nf6 6. O-O Bxf3 7. exf3 e6 8. f4 Be7 9. d3 O-O 10. Nd2 Nd7 11. c4 Bf6 12. Bxf6 Nxf6 13. cxd5 exd5 14. Rc1 b6 15. Nf3 Qd6 16. d4 Rac8 17. Re1 Rfd8 18. dxc5 bxc5 19. Bh3 Rc7 20. Ne5 d4 21. Nd3 Ne7 22. Ne5 Ned5 23. Nc4 Qf8 24. Re5 Nc3 25. Qc2 Nfd5 26. a3 Re7 27. Bf1 f6 28. Rxe7 Qxe7 29. Bd3 g6 30. Qd2 Re8 31. b4 cxb4 32. axb4 Nxb4 33. Bf1 Nc6 34. Ra1 Qc5 35. f5 g5 36. Qc2 Kg7 37. Ra6 Nb4 38. Qa4 Nxa6 39. Qxe8 Qf8 40. Qd7+ Kh8 41. Qxd4 Nb5 42. Qd5 Nac7 43. Qc6 Qe8 44. Qc5 Kg7 45. Ne3 Qf7 46. Bxb5 h5 47. Bf1 h4 48. Nc4 Nd5 49. Nd6 Qg8 50. Qxa7+ Kh6 51. Qf7 Qxf7 52. Nxf7+ Kh5 53. Nd6 g4 54. Ne4 Nb4 55. Nxf6+ Kg5 56. Ne4+ Kxf5 57. Nd2 hxg3 58. hxg3 Kg5 59. Ne4+ Kf5 60. Nc3 Kg5 61. Be2 Nc6 62. Nd5 Ne5 63. Ne3 Kh5 64. Nxg4 Ng6 65. Ne5+ Kg5 66. Nxg6 Kxg6 67. f4 Kf5 68. Kf2 Ke4 69. Bf3+ Kd4 70. g4 Kc4 71. Kg3 Kd4 72. g5 Kc5 73. Bg4 Kd6 74. Kh4 Ke7 75. f5 Kf7 76. f6 Kg6 77. Bd1 Kf5 78. Bc2+ Ke6 79. Kh5 Kf7 80. Kh6 Kg8 81. Bb3+ Kh8 82. Bc2 Kg8 83. g6 Kh8 84. g7+ Kg8 85. Bb3# 1-0


[Site "https://www.chess.com"]

[Event "Titled Tuesday Blitz December 20 Late 2022"]
[White "Musovic, Armin"]
[Black "Ibadov, Dashgyn"]
[WhiteFideId "939935"]
[BlackFideId "24107514"]
[WhiteElo "2288"]
[BlackElo "2208"]
[Result "0-1"]
[Round "11"]
[TimeControl "180+1"]
[Date "2022.12.21"]
[WhiteClock "0:00:08"]
[BlackClock "0:00:10"]

1. a3 e5 2. Nc3 Nf6 3. d4 exd4 4. Qxd4 Nc6 5. Qa4 d5 6. Bg5 Be6 7. O-O-O h6 8. Bh4 g5 9. Bg3 Bg7 10. e4 d4 11. Nf3 Nh5 12. Be5 Bxe5 13. Nxe5 O-O 14. Nxc6 bxc6 15. Qxd4 Qe7 16. Qe5 Nf4 17. g3 Ng6 18. Qa5 Qf6 19. Qc5 Ne5 20. Be2 Rab8 21. h4 g4 22. h5 Rb6 23. Rh4 Rfb8 24. Na4 R6b7 25. Qe3 Rxb2 26. Nxb2 Rxb2 27. Qf4 Qg7 28. Rd8+ Kh7 29. Ra8 Ra2 30. Kd1 Ra1+ 31. Kd2 Nf3+ 32. Qxf3 gxf3 33. Bd3 Qd4 34. e5+ Kg7 35. Rxd4 Rxa3 36. Rf4 c5 37. Rxf3 c4 38. Be4 Ra5 39. Bf5 Bd5 40. Rc3 Bxa8 41. f4 Bd5 42. Ke2 Ra1 43. Ke3 a5 44. Kd4 c6 45. Kc5 Kf8 46. Kd6 a4 47. Bd7 a3 48. Bxc6 Be6 49. Kc5 a2 50. Ra3 c3 51. Ra8+ Kg7 52. Bf3 Rc1 53. Rxa2 Bxa2 54. Be4 Bb1 55. Kd4 Bxc2 56. Bxc2 Rxc2 57. g4 Rf2 58. Kxc3 Rxf4 59. e6 fxe6 60. g5 hxg5 61. Kd2 Kh6 62. Ke3 Kxh5 0-1


[Site "https://www.chess.com"]

[Event "Titled Tuesday Blitz December 20 Late 2022"]
[White "Nasir, Zehn"]
[Black "Dudzinski, Pawel"]
[WhiteFideId "2613239"]
[BlackFideId "1117890"]
[WhiteElo "1993"]
[BlackElo "2099"]
[Result "1/2-1/2"]
[Round "11"]
[TimeControl "180+1"]
[Date "2022.12.21"]
[WhiteClock "0:00:07"]
[BlackClock "0:00:08"]

1. e4 c6 2. d4 d5 3. e5 c5 4. dxc5 e6 5. Be3 Nd7 6. f4 Bxc5 7. Bxc5 Nxc5 8. Nf3 Qb6 9. b3 Ne4 10. Qd4 Ne7 11. Qxb6 axb6 12. c4 Bd7 13. cxd5 Nxd5 14. Bc4 Nxf4 15. O-O b5 16. Nd4 bxc4 17. Rxf4 cxb3 18. Nxb3 Bc6 19. N1d2 Nxd2 20. Nxd2 Ke7 21. a4 Ra5 22. Nc4 Rc5 23. Raf1 Rf8 24. Nd6 Rxe5 25. Nxf7 Rf5 26. Rxf5 exf5 27. Ne5 Bxa4 28. Rb1 Rb8 29. Rb4 Be8 30. Rb6 g6 31. g3 Kd8 32. Nd3 Kc7 33. Re6 Rd8 34. Re7+ Rd7 35. Re3 Bf7 36. Nc5 Rd1+ 37. Kf2 Kc6 38. Nd3 Bd5 39. Nb4+ Kc5 40. Nd3+ Kb5 41. h4 Rd2+ 42. Ke1 Rc2 43. Re5 Kc4 44. Rxd5 Kxd5 45. Nb4+ Ke4 46. Nxc2 Kf3 47. h5 gxh5 48. Nd4+ Kg4 49. Kf2 f4 50. gxf4 Kxf4 51. Nb5 h4 52. Kg2 Ke5 53. Kh3 Kd5 54. Kxh4 Kc5 55. Nc3 Kc4 56. Ne4 Kd4 57. Nd6 b6 58. Kg5 Kc5 59. Ne4+ Kd5 60. Nc3+ Kc4 61. Nb1 Kb3 62. Nd2+ Kc3 63. Nb1+ Kb2 64. Nd2 b5 65. Kh6 Kc2 66. Ne4 b4 67. Nc5 Kc3 68. Kxh7 Kc4 69. Na4 Kb3 70. Nc5+ Kc4 71. Na4 Kb5 72. Nb2 Kc6 73. Kg6 Kd5 74. Kf5 Kd4 75. Kf4 Kc3 76. Na4+ Kc2 77. Ke4 b3 78. Kd4 b2 79. Nxb2 1/2-1/2


[Site "https://www.chess.com"]

[Event "Titled Tuesday Blitz December 20 Late 2022"]
[White "Olsen, Filip Boe"]
[Black "Koutlas, Nikolaos"]
[WhiteFideId "1440640"]
[BlackFideId "25827138"]
[WhiteElo "2333"]
[BlackElo "2167"]
[Result "0-1"]
[Round "11"]
[TimeControl "180+1"]
[Date "2022.12.20"]
[WhiteClock "0:00:22"]
[BlackClock "0:00:13"]

1. c4 Nf6 2. Nc3 g6 3. d4 d5 4. h4 dxc4 5. e4 c5 6. d5 b5 7. e5 b4 8. exf6 bxc3 9. bxc3 exf6 10. Bxc4 Bd6 11. h5 Qe7+ 12. Kf1 O-O 13. Bh6 Re8 14. hxg6 hxg6 15. Qd2 Nd7 16. Bg7 g5 17. Qd3 Qe4 18. Bh6 Qg6 19. Qxg6+ fxg6 20. Ne2 Ne5 21. Bb5 Re7 22. f4 Ng4 23. fxg5 Rh7 24. Rh4 Ne3+ 25. Kf2 Nf5 26. Rhh1 Rb8 27. Bd3 Rb2 28. Rab1 Rxa2 29. Ra1 Rd2 30. Rhd1 Rxd1 31. Rxd1 fxg5 32. Bxg5 Rf7 33. Kg1 Ng3 34. Nxg3 Bxg3 35. d6 Rf5 36. Bc4+ Kg7 37. Be7 Rf4 38. Bb5 Bf2+ 39. Kf1 Bg4 40. Rd3 Bd4+ 41. Ke1 Be5 42. d7 Bxd7 43. Bxd7 Kh6 44. Bh3 Rh4 45. Bf8+ Kh7 46. Rd5 Rh5 47. Bd6 Bxc3+ 48. Ke2 Rxd5 49. Bg3 Be5 50. Be6 Rd6 51. Bc4 Bxg3 52. Kf3 Be5 53. Ke4 Bd4 54. Kd3 Rb6 55. Ke4 Kh6 56. Kd5 g5 57. Bd3 Kh5 58. Be4 Kh4 59. Kc4 Kg3 60. Bd5 Kf4 61. Kd3 Rb4 62. Bf3 Rb2 63. Be4 Rf2 64. Bf3 Kg3 65. Ke4 Rxg2 66. Bxg2 Kxg2 67. Kf5 Kf2 68. Kxg5 c4 69. Kf5 c3 70. Ke6 c2 71. Kd5 c1=Q 72. Kd6 Ke3 73. Kd5 Qc5+ 74. Ke6 Ke4 75. Kd7 Qd5+ 76. Ke8 Qb7 77. Kf8 Bc5+ 78. Ke8 Qe7# 0-1


[Site "https://www.chess.com"]

[Event "Titled Tuesday Blitz December 20 Late 2022"]
[White "Omelja, Artem"]
[Black "Rustemov, Alexander"]
[WhiteFideId "14119846"]
[BlackFideId "4119002"]
[WhiteElo "2550"]
[BlackElo "2859"]
[Result "0-1"]
[Round "11"]
[TimeControl "180+1"]
[Date "2022.12.21"]
[WhiteClock "0:00:17"]
[BlackClock "0:00:35"]

1. d4 d5 2. c4 c6 3. Nc3 dxc4 4. a4 e5 5. e3 exd4 6. exd4 Be6 7. Nf3 Nf6 8. Be2 Bb4 9. O-O O-O 10. h3 Nbd7 11. Be3 Qa5 12. Qc2 Rfe8 13. Na2 Nb6 14. Nxb4 Qxb4 15. a5 Nbd5 16. Bd2 Qb3 17. Qxc4 Qxc4 18. Bxc4 Nf4 19. Bxf4 Bxc4 20. Rfe1 Nd5 21. Bd2 f6 22. Bc3 Kf7 23. Nd2 Bd3 24. Nb3 b6 25. f3 g5 26. Kf2 h5 27. Rxe8 Rxe8 28. Nc1 Bb5 29. axb6 axb6 30. Ra7+ Kg6 31. Bd2 h4 32. Ra3 Kf5 33. Be3 Rd8 34. Bd2 Ke6 35. Na2 Ne7 36. Be3 Nf5 37. Nc3 Nxd4 38. Bxd4 Rxd4 39. Nxb5 cxb5 40. Ke3 Rb4 41. b3 Kd5 42. Kd3 Kc5 43. Kc2 Rd4 44. Ra8 Kb4 45. Rf8 Rd6 46. Rf7 Rc6+ 47. Kb2 Re6 48. Kc2 Re2+ 49. Kd3 Rxg2 50. Rxf6 Kxb3 51. Rxb6 b4 52. Ke4 Rg3 53. Rb5 Kc4 54. Rb8 b3 55. Rc8+ Kb4 56. Rb8+ Ka3 57. Ra8+ Kb2 58. Ra5 Kc2 59. Rc5+ Kb1 60. Ke3 b2 61. Kf2 Rxh3 62. Rxg5 Rh2+ 63. Kg1 Rc2 64. Rb5 Kc1 65. f4 b1=Q 66. Rxb1+ Kxb1 67. f5 Rc5 68. Kg2 Rxf5 69. Kh3 Rf4 70. Kh2 Kc2 71. Kg2 Kd3 72. Kh2 Ke4 73. Kg2 Kf5 74. Kh2 Kg4 75. Kg2 h3+ 76. Kh2 Rf2+ 77. Kg1 Kg3 78. Kh1 Rf1# 0-1


[Site "https://www.chess.com"]

[Event "Titled Tuesday Blitz December 20 Late 2022"]
[White "Pakleza, Zbigniew"]
[Black "Ibarra Jerez, Jose Carlos"]
[WhiteFideId "1119290"]
[BlackFideId "2226332"]
[WhiteElo "2410"]
[BlackElo "2638"]
[Result "0-1"]
[Round "11"]
[TimeControl "180+1"]
[Date "2022.12.20"]
[WhiteClock "0:00:06"]
[BlackClock "0:00:08"]

1. d4 d6 2. Nf3 g6 3. Bf4 Bg7 4. e3 Nd7 5. h3 e5 6. Bh2 Nh6 7. Be2 O-O 8. O-O f5 9. c4 g5 10. dxe5 dxe5 11. Nc3 c6 12. Qc2 g4 13. hxg4 Nxg4 14. Rad1 Qf6 15. Bg3 Qh6 16. Nh2 Nxh2 17. Bxh2 Qg6 18. Qd2 Bf6 19. Qd6 Kh8 20. Rfe1 Rg8 21. Bf1 Qg7 22. Qc7 e4 23. Ne2 Ne5 24. Qxg7+ Rxg7 25. Rd8+ Rg8 26. Rxg8+ Kxg8 27. Bxe5 Bxe5 28. b3 Kf7 29. g3 a5 30. a4 Bd7 31. Rd1 Ke7 32. Bh3 Ra6 33. Nd4 Bxd4 34. exd4 Rb6 35. Rb1 Rb4 36. Kf1 b6 37. Ke2 c5 38. Ke3 Kf6 39. dxc5 bxc5 40. Rd1 Rxb3+ 41. Ke2 Be6 42. Rd6 Ke5 43. Rc6 Bxc4+ 44. Ke1 Kd4 45. Bxf5 Bd3 46. Rd6+ Kc3 47. f3 Rb1+ 48. Kf2 e3+ 49. Kxe3 Bxf5 50. Rd5 Bg6 51. Rxc5+ Kb4 52. Rb5+ Kxa4 53. Rxb1 Bxb1 54. g4 Kb4 55. f4 Kc5 56. f5 Kd6 57. Kf4 a4 58. g5 Bxf5 59. g6 hxg6 0-1


[Site "https://www.chess.com"]

[Event "Titled Tuesday Blitz December 20 Late 2022"]
[White "Paravyan, David"]
[Black "Goryachkina, Aleksandra"]
[WhiteFideId "4194985"]
[BlackFideId "4147103"]
[WhiteElo "2551"]
[BlackElo "2484"]
[Result "1/2-1/2"]
[Round "11"]
[TimeControl "180+1"]
[Date "2022.12.20"]
[WhiteClock "0:00:05"]
[BlackClock "0:00:18"]

1. e4 c5 2. Nf3 e6 3. d4 cxd4 4. Nxd4 Nf6 5. Nc3 Nc6 6. Nxc6 bxc6 7. e5 Nd5 8. Ne4 Bb7 9. Be2 Qc7 10. f4 c5 11. O-O c4 12. c3 Be7 13. Qd4 Rc8 14. Kh1 f5 15. Bh5+ Kf8 16. Nd6 Bxd6 17. exd6 Qxd6 18. Qxa7 Qc7 19. Bf3 Kf7 20. Qd4 Nf6 21. Be2 Bd5 22. Be3 Qb7 23. Bf3 Bxf3 24. gxf3 Qxb2 25. a4 Nd5 26. Bd2 Rc6 27. a5 Ra8 28. Rfb1 Qc2 29. Rc1 Qb2 30. Rcb1 Qc2 31. Rc1 Qb2 32. Rcb1 1/2-1/2


[Site "https://www.chess.com"]

[Event "Titled Tuesday Blitz December 20 Late 2022"]
[White "Perske, Thore"]
[Black "Movahed, Sina"]
[WhiteFideId "12902195"]
[BlackFideId "42520835"]
[WhiteElo "2336"]
[BlackElo "2225"]
[Result "0-1"]
[Round "11"]
[TimeControl "180+1"]
[Date "2022.12.20"]
[WhiteClock "0:00:02"]
[BlackClock "0:00:14"]

1. e4 c5 2. Nf3 d6 3. g3 Nf6 4. d3 g6 5. Bg2 Bg7 6. O-O O-O 7. Nc3 Nc6 8. h3 Rb8 9. a4 a6 10. Be3 b5 11. axb5 axb5 12. Qd2 b4 13. Nd1 Bd7 14. Bh6 Qc8 15. Kh2 Qc7 16. Bxg7 Kxg7 17. Ne3 Nd4 18. Nh4 Bc6 19. f4 e6 20. g4 h6 21. Rf2 Ra8 22. Raf1 Ra2 23. Qc1 Bb5 24. Kh1 c4 25. e5 Nd5 26. dxc4 Bxc4 27. exd6 Qc5 28. Nxc4 Qxc4 29. f5 exf5 30. gxf5 g5 31. f6+ Kh8 32. Nf5 Nxf5 33. Rxf5 Nf4 34. Kh2 Ng6 35. Bd5 Qa6 36. Bxa2 Qxa2 37. Qd2 Rd8 38. d7 Qe6 39. Rd5 Ne5 40. Kg2 Nc4 41. Re1 Qc6 42. Re8+ Rxe8 43. dxe8=Q+ Qxe8 44. Qd4 Qe2+ 45. Kg3 Qe1+ 46. Kg2 Ne3+ 47. Kh2 Qf2+ 0-1


[Site "https://www.chess.com"]

[Event "Titled Tuesday Blitz December 20 Late 2022"]
[White "Poliakova, Varvara"]
[Black "Goltsev, Dmitry"]
[WhiteFideId "13518313"]
[BlackFideId "24176710"]
[WhiteElo "2075"]
[BlackElo "2327"]
[Result "0-1"]
[Round "11"]
[TimeControl "180+1"]
[Date "2022.12.20"]
[WhiteClock "0:00:35"]
[BlackClock "0:01:25"]

1. e4 e6 2. d4 d5 3. e5 c5 4. c3 Nc6 5. Nf3 Nge7 6. a3 Nf5 7. b4 cxd4 8. cxd4 h5 9. Bb2 g5 10. Qd3 g4 11. Nfd2 Bh6 12. Nb3 Bd7 13. Nc3 a6 14. h3 g3 15. f3 Be3 16. Qd1 Bf2+ 17. Kd2 Qg5+ 18. Kd3 Nfxd4 19. Nxd4 Nxd4 20. Qc1 Qxe5 21. b5 Rc8 22. a4 axb5 23. f4 Qf5+ 24. Kd2 Qxf4+ 25. Kd1 Be3 26. Qb1 Qf2 27. Ne2 Nxe2 28. Bxe2 Qxg2 29. Rf1 Qxh3 30. Qd3 g2 31. Re1 Rg8 32. Rg1 Bxg1 33. Qxh3 Be3 34. Qxe3 g1=Q+ 35. Qxg1 Rxg1+ 36. Kd2 Rxa1 37. Bxa1 bxa4 38. Bxh5 b5 0-1


[Site "https://www.chess.com"]

[Event "Titled Tuesday Blitz December 20 Late 2022"]
[White "Polster, Christian"]
[Black "Migot, Tangi"]
[WhiteFideId "12965081"]
[BlackFideId "662445"]
[WhiteElo "2195"]
[BlackElo "2560"]
[Result "0-1"]
[Round "11"]
[TimeControl "180+1"]
[Date "2022.12.21"]
[WhiteClock "0:00:05"]
[BlackClock "0:00:22"]

1. e4 c5 2. Nc3 a6 3. g3 b5 4. Bg2 Bb7 5. Nge2 Nc6 6. O-O Qb6 7. Nd5 Qd8 8. d4 e6 9. Ndc3 cxd4 10. Nxd4 Rc8 11. Re1 Bc5 12. Nb3 Be7 13. Be3 Nf6 14. e5 Nd5 15. Nxd5 exd5 16. Bxd5 O-O 17. f4 d6 18. e6 Bf6 19. exf7+ Kh8 20. c3 Ba8 21. Qd2 Ne7 22. Bxa8 Rxa8 23. Rad1 Nf5 24. Bf2 h5 25. Nd4 Bxd4 26. Bxd4 Rxf7 27. Bf2 Qd7 28. Qd5 Raf8 29. Re6 Rf6 30. Rxf6 Rxf6 31. Qa8+ Kh7 32. Qxa6 h4 33. Qb6 hxg3 34. hxg3 Rh6 35. Qa7 Qe6 36. Re1 Qd5 37. Be3 Rh1+ 38. Kf2 Rh2+ 39. Kg1 Qg2# 0-1


[Site "https://www.chess.com"]

[Event "Titled Tuesday Blitz December 20 Late 2022"]
[White "Postnikov, Artem"]
[Black "Figorito, Nick"]
[WhiteFideId "34153575"]
[BlackFideId "30923689"]
[WhiteElo "2243"]
[BlackElo "2417"]
[Result "1-0"]
[Round "11"]
[TimeControl "180+1"]
[Date "2022.12.21"]
[WhiteClock "0:00:30"]
[BlackClock "0:00:07"]

1. d4 Nf6 2. c4 g6 3. Nc3 d5 4. cxd5 Nxd5 5. e4 Nxc3 6. bxc3 Bg7 7. Nf3 c5 8. Rb1 O-O 9. Be2 Nc6 10. d5 Bxc3+ 11. Bd2 Bxd2+ 12. Qxd2 Nd4 13. Nxd4 cxd4 14. Qxd4 Qa5+ 15. Qd2 Qxd2+ 16. Kxd2 e6 17. Bf3 f5 18. exf5 gxf5 19. dxe6 Bxe6 20. Rxb7 Bxa2 21. Ra1 Rfd8+ 22. Ke3 Bd5 23. Raxa7 Bxb7 24. Rxb7 Ra3+ 25. Kf4 Ra5 26. h4 h6 27. h5 Rd4+ 28. Kg3 Rd6 29. Rc7 Rf6 30. Kf4 Rf7 31. Rc6 Kg7 32. Rg6+ Kh7 33. Rc6 Kg7 34. Rd6 Rf6 35. Rd7+ Rf7 36. Rd8 Rf8 37. Rd4 Rf7 38. Rb4 Rc5 39. Rb6 Ra5 40. Rd6 Rf6 41. Rd8 Ra4+ 42. Kg3 Ra5 43. Bd5 f4+ 44. Kg4 Kh7 45. Be4+ Kg7 46. Bg6 Rg5+ 47. Kf3 Rgxg6 48. hxg6 Rxg6 49. Rd4 Ra6 50. Rxf4 Ra3+ 51. Kg4 Kg6 52. Rb4 h5+ 53. Kh4 Ra2 54. Rb6+ Kf5 55. Kxh5 Rxf2 56. g4+ Ke5 57. g5 Rh2+ 58. Kg6 Kf4 59. Kf6 Kg4 60. g6 Rf2+ 61. Kg7 Rb2 62. Rxb2 1-0


[Site "https://www.chess.com"]

[Event "Titled Tuesday Blitz December 20 Late 2022"]
[White "Radovanovic, Dusan"]
[Black "Sielecki, Christof"]
[WhiteFideId "926868"]
[BlackFideId "4620437"]
[WhiteElo "2337"]
[BlackElo "2443"]
[Result "0-1"]
[Round "11"]
[TimeControl "180+1"]
[Date "2022.12.21"]
[WhiteClock "0:00:52"]
[BlackClock "0:01:38"]

1. e4 c5 2. Nf3 a6 3. c4 Nc6 4. d4 cxd4 5. Nxd4 e5 6. Nc2 Nf6 7. Nc3 Bc5 8. Be2 d6 9. O-O O-O 10. a3 Nd4 11. Bg5 Be6 12. Ne3 h6 13. Bh4 g5 14. Bg3 Rc8 15. Ncd5 Nxe4 16. b4 Ba7 17. Kh1 f5 18. f3 Nxg3+ 19. hxg3 f4 20. Ng4 Bxd5 21. cxd5 Qe8 22. gxf4 Qh5+ 23. Nh2 gxf4 24. Bd3 Rf5 25. Qe1 Qxh2+ 0-1


[Site "https://www.chess.com"]

[Event "Titled Tuesday Blitz December 20 Late 2022"]
[White "Rangel, Daniel"]
[Black "benny_aizenberg"]
[WhiteFideId "2124475"]
[WhiteElo "2225"]
[BlackElo "2416"]
[Result "0-1"]
[Round "11"]
[TimeControl "180+1"]
[Date "2022.12.21"]
[WhiteClock "0:01:35"]
[BlackClock "0:02:13"]

1. d4 f5 2. c4 Nf6 3. Nc3 d6 4. h3 e5 5. dxe5 dxe5 6. Qxd8+ Kxd8 7. Bg5 Be6 8. O-O-O+ Kc8 9. Nd5 Nbd7 10. Bxf6 Nxf6 11. Nxf6 gxf6 12. e3 Bc5 13. g3 f4 14. exf4 Bxf2 15. fxe5 fxe5 16. g4 e4 17. Ne2 Bxc4 18. Nf4 Bxa2 19. Bg2 Be3+ 0-1


[Site "https://www.chess.com"]

[Event "Titled Tuesday Blitz December 20 Late 2022"]
[White "Rorrer, Grayson"]
[Black "Zhigalko, Sergei"]
[WhiteFideId "30944996"]
[BlackFideId "13502956"]
[WhiteElo "2200"]
[BlackElo "2662"]
[Result "0-1"]
[Round "11"]
[TimeControl "180+1"]
[Date "2022.12.20"]
[WhiteClock "0:00:34"]
[BlackClock "0:00:08"]

1. e4 c5 2. Nf3 Nc6 3. Bb5 Nf6 4. Bxc6 dxc6 5. d3 Bg4 6. h3 Bh5 7. b3 Nd7 8. Bb2 Qc7 9. Nbd2 e5 10. g4 Bg6 11. Nc4 f6 12. Ne3 O-O-O 13. Qe2 Bd6 14. O-O-O Nf8 15. Nh4 Ne6 16. Nhg2 Nd4 17. Qf1 Rhe8 18. Nf5 Bf8 19. Kb1 a5 20. c3 Ne6 21. Bc1 a4 22. f4 Bf7 23. Kc2 axb3+ 24. axb3 Qb6 25. fxe5 fxe5 26. Nd6+ Bxd6 27. Qxf7 Re7 28. Qf2 Rf8 29. Qe2 c4 30. Rhf1 Ref7 31. Rxf7 Rxf7 32. Rf1 Qxb3+ 33. Kd2 cxd3 34. Qxd3 Nc5 35. Qe2 Nxe4+ 36. Qxe4 Rxf1 37. Ne3 Qa2+ 38. Nc2 Qd5+ 39. Qxd5 cxd5 40. Ne3 Rf2+ 41. Ke1 Rf3 42. Nxd5 Rxh3 43. Ke2 Kd7 44. Ne3 Kc6 45. Bd2 b5 46. g5 g6 47. Ng4 Kd5 48. Nf6+ Ke6 49. Kd1 Be7 50. Ne4 Rh4 51. Nf2 Kf5 52. Ke1 Bxg5 53. Nd3 Bxd2+ 54. Kxd2 Rh2+ 55. Ke3 Rh3+ 56. Ke2 Rxd3 57. Kxd3 h5 58. Ke3 h4 59. Kf2 g5 60. Kg1 g4 61. Kh1 Ke6 0-1


[Site "https://www.chess.com"]

[Event "Titled Tuesday Blitz December 20 Late 2022"]
[White "Rose, Felix"]
[Black "Rian, Kapriaga"]
[WhiteFideId "5105722"]
[BlackFideId "7103263"]
[WhiteElo "2039"]
[BlackElo "2328"]
[Result "0-1"]
[Round "11"]
[TimeControl "180+1"]
[Date "2022.12.21"]
[WhiteClock "0:01:58"]
[BlackClock "0:01:20"]

1. d4 Nf6 2. Nc3 d5 3. Bf4 c6 4. f3 Bf5 5. Qd2 e6 6. g4 Bg6 7. h4 h5 8. g5 Nfd7 9. O-O-O b5 10. Bg2 Nb6 11. e4 Nc4 12. Qf2 Qa5 13. Kb1 Nxb2 14. Kxb2 Ba3+ 15. Kb1 Qb4+ 0-1


[Site "https://www.chess.com"]

[Event "Titled Tuesday Blitz December 20 Late 2022"]
[White "Rosenberg, Evan S"]
[Black "monkins"]
[WhiteFideId "2019299"]
[WhiteElo "2402"]
[BlackElo "2248"]
[Result "1-0"]
[Round "11"]
[TimeControl "180+1"]
[Date "2022.12.21"]
[WhiteClock "0:00:05"]
[BlackClock "0:00:02"]

1. d4 Nf6 2. Nf3 c5 3. d5 b5 4. e4 Nxe4 5. Bd3 Nf6 6. O-O c4 7. Be2 d6 8. Bg5 Nbd7 9. Re1 h6 10. Bh4 g5 11. Bg3 Bg7 12. Nd4 Bb7 13. Nf5 O-O 14. Bf3 Re8 15. Nc3 Bf8 16. Nxb5 Qb6 17. a4 Ba6 18. Qd4 Bxb5 19. Qxb6 Nxb6 20. axb5 Nfxd5 21. Rad1 e6 22. Nxd6 Bxd6 23. Bxd6 Red8 24. Be5 a6 25. bxa6 Rxa6 26. b3 Rc8 27. h4 gxh4 28. Re4 Ra2 29. Rg4+ Kf8 30. Bd6+ Ke8 31. bxc4 Rxc4 32. Rxc4 Nxc4 33. Bxd5 exd5 34. Rxd5 Rxc2 35. Bf4 Nb6 36. Re5+ Kd7 37. Bxh6 Rc6 38. Be3 Nc4 39. Re4 Nxe3 40. Rxe3 Rh6 41. Kh2 1-0


[Site "https://www.chess.com"]